 Dungeon Crawl Stone Soup version 0.29.1-4-g47bece8355 (webtiles) character file.

Game seed: 13918928206015866940

4853 raph the Spear-Bearer (level 10, -11/90 HPs)
             Began as a Minotaur Berserker on Dec 6, 2022.
             Was a Priest of Trog.
             Mangled by a two-headed ogre
             ... wielding a +0 giant club
              (12 damage)
             ... on level 9 of the Dungeon.
             The game lasted 00:10:23 (9447 turns).

raph the Spear-Bearer (Minotaur Berserker)          Turns: 9447, Time: 00:10:24

Health: -11/90     AC: 13    Str: 22    XL:     10   Next: 25%
Magic:  3/3        EV: 11    Int:  8    God:    Trog [***...]
Gold:   345        SH:  0    Dex: 24    Spells: 9/9 levels left

rFire   . . .      SeeInvis +   a - +11 halberd of Istaoku {antimagic, Int+4 Dex+4}
rCold   . . .      Faith    .   (shield currently unavailable)
rNeg    . . .      Spirit   .   g - +0 plate armour
rPois   .          Reflect  .   (helmet restricted)
rElec   .          Harm     .   (no cloak)
rCorr   .          Rampage  .   (no gloves)
Will    ++...                   (no boots)
Stlth   ..........              F - amulet of the acrobat
HPRegen 1.25/turn               D - ring of see invisible
MPRegen 0.08/turn               E - +6 ring of dexterity

@: strong-willed, regenerating
A: horns 2, retaliatory headbutt
a: Renounce Religion, Berserk, Trog's Hand


You were on level 9 of the Dungeon.
You worshipped Trog.
Trog was most pleased with you.
You visited 1 branch of the dungeon, and saw 9 of its levels.
You also visited: Ossuary.

You collected 867 gold pieces.
You spent 522 gold pieces at shops.

Inventory:

Hand Weapons
 a - the +11 halberd of Istaoku (weapon) {antimagic, Int+4 Dex+4}
   (You acquired it on level 6 of the Dungeon)

   It reduces the magical energy of the wielder, and disrupts the spells and
   magical abilities of those it strikes.
   Natural abilities and divine invocations are not affected.
   Int:       It affects your intelligence (+4).
   Dex:       It affects your dexterity (+4).
 b - a +0 bardiche
 w - a +0 trident
 x - a +0 spear
Missiles
 f - 34 poisoned darts (quivered)
 r - 2 curare-tipped darts
 s - 3 boomerangs
 t - 3 throwing nets
Armour
 g - a +0 plate armour (worn)
 j - a +1 ring mail
Jewellery
 q - a ring of fire
 z - a ring of positive energy
 D - a ring of see invisible (left hand)
 E - a +6 ring of dexterity (right hand)
 F - an amulet of the acrobat (around neck)
Wands
 n - a wand of acid (9)
Scrolls
 d - a scroll of poison
 e - 4 scrolls of enchant armour
 v - a scroll of magic mapping
 A - a scroll of fog
Potions
 c - 3 potions of lignification
 h - 6 potions of flight
 i - a potion of ambrosia {unknown}
 k - a potion of degeneration
 l - 2 potions of brilliance {unknown}
 m - 4 potions of heal wounds
 o - 2 potions of curing {unknown}
 p - 2 potions of haste {unknown}
 u - 4 potions of mutation {unknown}
 B - a potion of magic {unknown}
 C - a potion of might {unknown}
 G - 2 potions of cancellation {unknown}


   Skills:
 + Level 8.5 Fighting
 * Level 13.1 Polearms
 + Level 7.7 Armour
 + Level 7.0 Dodging


You had 9 spell levels left.
You didn't know any spells.
Your spell library was empty.

Dungeon Overview and Level Annotations

Branches:
Dungeon (9/15)             Temple (0/1) D:4             Orc (0/2) D:9
Ossuary (visited)
   Lair: D:8-11

Altars:
Gozag
Okawaru
Qazlal
Vehumet
Yredelemnul
Zin
The Shining One

Shops:
D:5 =   D:6 (

Annotations:
D:5 2 runed translucent doors, Jaakounette's ghost, novice KoBr


Innate Abilities, Weirdness & Mutations

You have a pair of horns on your head.
You reflexively headbutt those who attack you in melee.


Message History

You start waiting.
Done waiting.
y - a scroll labelled MEARHU LUNIMN Blink to where?
Press: ? - help, Dir - move target
As you read the scroll labelled MEARHU LUNIMN, it crumbles to dust.
It was a scroll of blinking.
Search for what [? for help]? armor
Okay, then.
You open the door.
A two-headed ogre comes into view. It is wielding two +0 giant clubs.
The two-headed ogre shouts in stereo!
Found a scroll labelled GAJUDY JYSAVO.
There is an open door here.
You slice the two-headed ogre!!
The two-headed ogre is moderately wounded.
You barely miss the two-headed ogre.
The two-headed ogre is moderately wounded.
The two-headed ogre hits you with a +0 giant club!!
The two-headed ogre hits you with a +0 giant club!
You hit the two-headed ogre.
Your headbutt misses the two-headed ogre.
The two-headed ogre is heavily wounded.
The two-headed ogre hits you with a +0 giant club!
The two-headed ogre hits you with a +0 giant club!!
* * * LOW HITPOINT WARNING * * *
You are too injured to fight recklessly!
You are too injured to fight recklessly!
You are too injured to fight recklessly!
You are too injured to fight recklessly!
There is an open door, spattered with blood here.
Your skin crawls.
You feel strong-willed.
You puncture the two-headed ogre!
You headbutt the two-headed ogre, but do no damage.
The two-headed ogre is severely wounded.
The two-headed ogre hits you with a +0 giant club!!
* * * LOW HITPOINT WARNING * * *
The two-headed ogre hits you with a +0 giant club!
You die...

#.### #.#
#...# ##.##
#.#.#########
#...##
#.#......#..#
####.#
#.#)#..#.#..+
#..
#.#......# #
####.#
#.#......#
#...##
..#.#..#.#
##...#
###@.....#
#.....
##O######
##....
#.....#O.
#.....
#.#.#.#.##
##.... #....?
# ####.
#.#.#.+ #.
#.....# ##
##### #


You could see a two-headed ogre.

Vanquished Creatures
  A hydra (D:8)
  A two-headed ogre (D:9)
  Grinder (D:3)
  A vampire (D:9)
  A shadow (D:9)
  4 yaks (D:9)
  Menkaure (D:4)
  A water moccasin (D:6)
  2 black bears
  3 sky beasts
  An ogre (D:7)
  2 centaurs (D:8)
  A phantom (D:5)
  An elf zombie (Ossuary)
  2 bullfrogs
  2 kobold brigands
  A necrophage (D:6)
  5 scorpions
  A gnoll sergeant (D:5)
  3 wights (D:8)
  A jelly (D:5)
  A centaur zombie (Ossuary)
  2 orc priests
  3 hounds
  A gnoll bouda (D:5)
  A human zombie (Ossuary)
  3 iguanas
  5 orc wizards
  2 mummies (Ossuary)
  3 adders
  8 gnolls (D:5)
  2 shadow imps
  A white imp (D:7)
  A worm (D:4)
  2 dart slugs
  19 orcs
  10 ball pythons
  7 endoplasms
  4 giant cockroaches
  7 goblins
  5 hobgoblins
  9 kobolds
  4 quokkas
  3 bats
  4 frilled lizards
  A gnoll zombie (Ossuary)
  5 goblin zombies (Ossuary)
  2 hobgoblin zombies (Ossuary)
  3 orc zombies (Ossuary)
  7 rats
161 creatures vanquished.

Notes
Turn   | Place    | Note
-------+----------+-------------------------------------------
     0 | D:1      | raph the Minotaur Berserker began the quest for the Orb.
     0 | D:1      | Reached XP level 1. HP: 19/19 MP: 0/0
    50 | D:1      | Reached skill level 4 in Polearms
   201 | D:1      | Reached XP level 2. HP: 26/26 MP: 1/1
   867 | D:2      | Found a faded altar of an unknown god.
   914 | D:2      | Reached skill level 5 in Polearms
  1015 | D:2      | Reached ** piety under Trog
  1018 | D:2      | Reached XP level 3. HP: 29/31 MP: 2/2
  1701 | D:3      | Noticed Grinder
  1712 | D:3      | Paralysed by Grinder for 2 turns
  1765 | D:3      | Paralysed by Grinder for 4 turns
  1775 | D:3      | Killed Grinder
  1776 | D:3      | Reached skill level 7 in Polearms
  1776 | D:3      | Reached XP level 4. HP: 39/39 MP: 3/3
  1776 | D:3      | Reached XP level 5. HP: 45/45 MP: 4/4
  1866 | D:3      | Reached skill level 8 in Polearms
  2581 | D:4      | Noticed Menkaure
  2589 | D:4      | Killed Menkaure
  2590 | D:4      | Reached XP level 6. HP: 29/51 MP: 5/5
  3120 | D:4      | Reached skill level 9 in Polearms
  3430 | D:4      | Found a basalt altar of Yredelemnul.
  3941 | D:4      | Found a staircase to the Ecumenical Temple.
  4050 | D:5      | Entered Level 5 of the Dungeon
  4058 | D:5      | Reached XP level 7. HP: 45/57 MP: 6/6
  4114 | D:5      | Reached skill level 10 in Polearms
  4554 | D:6      | Found Pobimion's Firing Range.
  4580 | D:6      | Bought a throwing net for 36 gold pieces
  4580 | D:6      | Bought a throwing net for 36 gold pieces
  4699 | D:6      | Found a radiant altar of Vehumet.
  5131 | D:6      | Reached skill level 11 in Polearms
  5131 | D:6      | Reached XP level 8. HP: 67/67 MP: 7/7
  5671 | D:6      | Identified a scroll of acquirement
  5671 | D:6      | Acquired the +11 halberd of Istaoku {antimagic, Int+4
                  | Dex+4}
  5765 | D:5      | Found Tett's Jewellery Boutique.
  5808 | D:5      | Reached skill level 5 in Fighting
  5812 | D:5      | Reached *** piety under Trog
  6230 | D:5      | Found a large runed translucent door.
  6230 | D:5      | Found a large runed translucent door.
  6232 | D:5      | Noticed Jaakounette's ghost (novice KoBr)
  6387 | D:5      | Found a stormy altar of Qazlal.
  6389 | D:5      | Noticed an air elemental
  6783 | D:7      | Reached skill level 5 in Armour
  7087 | D:7      | Reached XP level 9. HP: 72/75 MP: 2/8
  7260 | D:7      | Reached skill level 5 in Dodging
  7392 | D:7      | Found a glowing silver altar of Zin.
  7562 | D:8      | Noticed a four-headed hydra
  7573 | D:8      | Killed a four-headed hydra
  7574 | D:8      | Reached skill level 12 in Polearms
  7877 | D:8      | Found an opulent altar of Gozag.
  8027 | D:8      | Found a sand-covered staircase.
  8039 | Ossuary  | Entered an ossuary
  8370 | D:5      | Bought an amulet of the acrobat for 450 gold pieces
  8759 | D:8      | Found an iron altar of Okawaru.
  8769 | D:8      | Found a glowing golden altar of the Shining One.
  8946 | D:9      | Found a staircase to the Orcish Mines.
  9069 | D:9      | Reached XP level 10. HP: 84/88 MP: 3/9
  9070 | D:9      | Reached **** piety under Trog
  9241 | D:9      | Noticed a two-headed ogre
  9242 | D:9      | Noticed a purple ugly thing
  9247 | D:9      | Killed a two-headed ogre
  9248 | D:9      | Reached skill level 13 in Polearms
  9434 | D:9      | Noticed a two-headed ogre
  9438 | D:9      | Noticed a two-headed ogre
  9447 | D:9      | HP: 1/90 [two-headed ogre/+0 giant club (24)]
  9447 | D:9      | Mangled by a two-headed ogre

Illustrated notes

Levels and vault maps discovered:
D:1:      eino_arrival_tree_alley, layout_loops_ring
D:2:      layout_loops_cross, ebering_ecumenical_altar_mist,
          grunt_ministairs_15, chequers_serial_rivers_room_b
D:3:      layout_loops_ring, uniq_grinder
D:4:      layout_basic, mainiacjoe_overflow_cross_hatched,
          minmay_temple_entry_fiery, uniq_menkaure
D:5:      layout_loops_ring, nicolae_qazlal_style_of_elements, serial_shops,
          nicolae_take_the_stairs, ebering_ghost_disaster_area
D:6:      layout_loops_ring, mainiacjoe_overflow_24_doors,
          amcnicky_mini_rare_corridor_liquid, nicolae_shop_firing_range
D:7:      layout_rooms, zin_treasury
D:8:      layout_loops_ring, nicolae_gozag_seed_capital,
          mainiacjoe_overflow_big_doors, nicolae_ossuary_entry_ruins
D:9:      minmay_clustersquares, layout_loops_ring, erik_lair_dragon,
          uniq_joseph

Skill      XL: |  1  2  3  4  5  6  7  8  9 10 |
---------------+-------------------------------+-----
Polearms       | 4 5 7 8 9 11 12 13 | 13.1
Fighting       | 4 6 8 |  8.5
Armour         | 3 5 7 |  7.7
Dodging        | 3 4 6 7 |  7.0

Action                   |  1- 3 |  4- 6 |  7- 9 | 10-12 || total
-------------------------+-------+-------+-------+-------++-------
Melee: Spear             |    97 |    87 |   109 |       ||   293
       Headbutt          |    11 |    11 |    27 |     3 ||    52
       Punch             |     1 |     3 |       |       ||     4
       Halberd           |       |       |   141 |    14 ||   155
       Trident           |       |       |     8 |       ||     8
Throw: Dart              |       |       |     5 |       ||     5
Invok: Berserk           |     2 |     2 |     6 |     1 ||    11
       Trog's Hand       |       |       |       |     1 ||     1
  Use: Scroll            |       |     6 |    10 |     1 ||    17
 Stab: Sleeping          |     1 |       |       |       ||     1
Armor: Animal skin       |     4 |       |       |       ||     4
       Ring mail         |     5 |     1 |       |       ||     6
       Plate armour      |       |    29 |    69 |     1 ||    99
Dodge: Dodged            |    32 |    11 |    46 |     3 ||    92
